AoeStats
← Master.L

Arena

510531827Analyzed
1v1 RM · 15h ago on Oct 1, 2026· 51m 21s· 2 players
Game mode
Random Map
Map size
Tiny (2 player)
Population
200
Speed
Normal
Resources
Standard
Victory
Conquest
Starting age
Dark Age
Ending age
Imperial Age
RankedLock teamsTeams togetherTeam positionsShared explorationLock speedFull tech treeHidden civsTurbo modeCheats
Victory
Defeat
🇧🇴 Chinese · Bolivia
1025
+15
🇨🇳 Burgundians · China
1006
-15
Master.L
3:18 Double-Bit Axe
9:35 Horse Collar
11:41 Gold Mining
13:25 Feudal Age
15:07 Bow Saw
17:12 Castle Age
15:53 Heavy Plow
19:37 Husbandry
22:38 Wheelbarrow
25:04 Imperial Age
22:56 Loom
23:15 Cavalier
23:43 Treadmill Crane
24:26 Ballistics
24:07 Stone Mining
25:52 Scale Barding Armor
25:51 Murder Holes
26:09 Masonry
30:14 Chemistry
29:10 Fletching
30:46 Chain Barding Armor
33:01 Forging
33:25 Hand Cart
33:46 Light Cavalry
35:42 Conscription
35:38 Bodkin Arrow
40:12 Plate Barding Armor
42:22 Hoardings
42:41 Paladin
43:23 Paladin
49:17 Elite Skirmisher
50:01 Padded Archer Armor
Edpaca
0:45 Loom
13:40 Feudal Age
18:01 Castle Age
16:39 Horse Collar
16:45 Double-Bit Axe
16:57 Stone Mining
17:00 Gold Mining
22:01 Heavy Plow
23:58 Fervor
26:19 Wheelbarrow
25:30 Town Watch
30:01 Imperial Age
27:46 Fletching
27:56 Padded Archer Armor
28:06 Forging
27:57 Scale Mail Armor
28:02 Scale Barding Armor
28:33 Squires
28:40 Pikeman
29:48 Arson
31:02 Gold Shaft Mining
31:02 Stone Shaft Mining
31:04 Ballistics
32:34 Chemistry
31:48 Careening
31:51 Fortified Wall
32:07 Conscription
33:16 Thumb Ring
33:39 Sanctity
33:36 Block Printing
33:41 Bodkin Arrow
34:01 Leather Archer Armor
34:11 Murder Holes
34:27 Masonry
36:39 Halberdier
36:40 Elite Fire Lancer
38:00 Bracer
38:30 Ring Archer Armor
38:36 Iron Casting
38:01 Scale Mail Armor
38:06 Scale Barding Armor
38:43 Architecture
42:08 Coinage
41:06 Elite Chu Ko Nu
41:51 Elite Fire Lancer
50:47 Blast Furnace
50:02 Chain Mail Armor
50:07 Chain Barding Armor
50:18 Ring Archer Armor
50:07 Hand Cart
Connection lost

Rejoining the realm…

Still unreachable

The connection could not be restored.

Session expired

The server has moved on; the page needs a fresh start.